 Dungeon Crawl Stone Soup version 0.25.0-37-gb73750e0fb (webtiles) character file.

Game seed: 14885240940263970064

18 RaHiT the Insei (level 2, -2/24 HPs)
             Began as a Demonspawn Chaos Knight on July 8, 2020.
             Was a Plaything of Xom.
             Slain by Jessica
             ... wielding a +0 dagger of electrocution
              (14 damage)
             ... on level 2 of the Dungeon.
             The game lasted 00:02:38 (798 turns).

RaHiT the Insei (Demonspawn Chaos Knight)            Turns: 798, Time: 00:02:39

Health: -2/24      AC: 10    Str: 12    XL:     2   Next: 48%
Magic:  2/2        EV: 11    Int: 13    God:    Xom [..*...]
Gold:   79         SH:  0    Dex: 12    Spells: 1/1 levels left

rFire    . . .     SeeInvis .     - Unarmed
rCold    . . .     Gourm    .   (no shield)
rNeg     . . .     Faith    .   a - +2 leather armour
rPois    .         Spirit   .   i - +0 helmet
rElec    .         Reflect  .   (no cloak)
rCorr    .         Harm     .   e - +0 pair of gloves
MR       .....     Rnd*Tele +   f - +0 pair of boots
Stlth    +.........             (no amulet)
HPRegen  0.08/turn              d - ring of teleportation (curse)
MPRegen  0.08/turn              (no ring)

@: no status effects
A: thin metallic scales 1
a: Renounce Religion


You were on level 2 of the Dungeon.
You worshipped Xom.
You were a toy of Xom.
You were not hungry.

You visited 1 branch of the dungeon, and saw 2 of its levels.

You collected 79 gold pieces.

Inventory:

Hand Weapons
 k - a +0 mace of protection
 l - a +0 falchion of holy wrath
Armour
 a - a +2 leather armour (worn)
 e - a +0 pair of gloves (worn)
 f - a +0 pair of boots (worn)
 i - a +0 helmet (worn)
Jewellery
 d - a cursed ring of teleportation (left hand)
Scrolls
 c - a scroll of identify
 j - a scroll of remove curse
Potions
 h - a potion of brilliance
Comestibles
 b - 2 rations


   Skills:
 - Level 3.0 Fighting
 - Level 2.0 Armour
 - Level 1.0 Dodging
 + Level 3.4 Unarmed Combat


You had one spell level left.
You didn't know any spells.
Your spell library was empty.

Dungeon Overview and Level Annotations

Branches:
Dungeon (2/15)

Altars:
Okawaru

Annotations:
D:2 Jessica


Innate Abilities, Weirdness & Mutations

You are partially covered in thin metallic scales. (AC +2)


Message History

You closely miss Jessica.
Jessica is moderately wounded.
Jessica casts a spell.
Jessica blinks!
Jessica misses you.
You barely miss Jessica.
Jessica is moderately wounded.
Jessica hits you but does no damage. The adder closely misses you.
Jessica hits you but does no damage. The adder closely misses you.
Jessica mumbles some strange words.
Jessica blinks!
Jessica hits you but does no damage. The adder closely misses you.
A kobold comes into view. It is wielding a +0 dagger.
The kobold shouts!
There is a stone staircase leading up here.
The adder bites you. Jessica hits you but does no damage.
You are electrocuted!
Ouch! That really hurt!
You die...
Xom titters!

.......+...#.....#......#
#....<##...............###
#......#....###...........
#........#...#...###......
#.##.................#......
...................#.#......
###.#......##.##.#.#......
#.)<.#.....#.....#.#......
#..........@S...#..#.#......
..........#....@.#.####.#......
#######...#.......... .+
#...(....#.#K##.#.#
#.#.#......#... #
#.#.#.#.#..#.##. #.#.#.#.#..###
# ..#.#...


You could see an adder, Jessica and a kobold.

Vanquished Creatures
  2 dart slugs (D:1)
  5 goblins (D:1)
  A hobgoblin (D:1)
  2 bats (D:1)
  A frilled lizard (D:1)
  2 kobolds
  A rat (D:2)
14 creatures vanquished.

Notes
Turn   | Place    | Note
-------+----------+-------------------------------------------
     0 | D:1      | RaHiT the Demonspawn Chaos Knight began the quest for the
                  | Orb.
     0 | D:1      | Reached XP level 1. HP: 18/18 MP: 1/1
    25 | D:1      | Reached skill level 1 in Dodging
   333 | D:1      | Gained mutation: You are partially covered in thin metallic
                  | scales. (AC +2) [demonic ancestry]
   333 | D:1      | Reached XP level 2. HP: 24/24 MP: 2/2
   748 | D:2      | Found an iron altar of Okawaru.
   779 | D:2      | Noticed Jessica
   798 | D:2      | Slain by Jessica

Illustrated notes

Levels and vault maps discovered:
D:1:      erik_arrival_blinker_ship, layout_basic
D:2:      layout_basic, okawaru_ov_weapons_minmay, uniq_terence, uniq_jessica

Skill      XL: |  1 |
---------------+----+-----
Dodging        | 1 |  1.0
Armour         | 2 |  2.0
Unarmed Combat | 3 |  3.4
Fighting       | |  3.0

Action                   || total
-------------------------++-------
Melee: Unarmed           ||    52
  Use: Scroll            ||     2
 Stab: Sleeping          ||     1
Armor: Leather armour    ||    26
Dodge: Dodged            ||    39
